Map: [G8] Babylon

Players

Cure

  • Race: Terran Terran
  • Spawn Location: 5:00

Serral - Winner!

  • Race: Zerg Zerg
  • Spawn Location: 11:00

Event: Gamers8 2023

VOD

Have the link to the VOD?

Description

Time

  • Played on: Aug. 4, 2023, 2:01 p.m.
  • Length: 14:08

All games in this series

Show
View Real Time Build Order
Export as new Build Order

Cure Terran 

Build Orders: Reaper Expand 

Get SALT Encoding   

  12  0:00  SCV  
  13  0:12  SCV  
  14  0:17  Supply Depot  
  14  0:24  SCV  
  15  0:38  SCV  
  15  0:40  Barracks  
  16  0:43  Refinery  
  16  0:51  SCV  
  17  1:03  SCV  
  18  1:15  SCV  
  19  1:27  Reaper, Orbital Command  
  20  1:40  Command Center  
  20  1:48  Supply Depot  
  20  1:53  SCV  
  21  1:59  Marine  
  22  2:05  SCV  
  23  2:11  Factory  
  23  2:17  Marine, SCV  
  25  2:29  SCV  
  26  2:35  Command Center  
  26  2:38  Barracks Reactor  
  26  2:41  SCV  
  27  2:51  Orbital Command  
  27  2:53  SCV  
  28  2:59  Starport  
  28  3:05  Refinery  
  28  3:06  SCV  
  29  3:18  SCV x2  
  29  3:19  Hellion  
  33  3:21  Barracks Tech Lab  
  32  3:30  SCV x2  
  34  3:35  Viking  
  34  3:39  Marine  
  37  3:43  SCV x2  
  39  3:48  Barracks  
  39  3:49  Barracks  
  39  3:50  Orbital Command  
  39  3:53  Stimpack  
  39  3:57  Marine, SCV  
  39  3:59  SCV  
  39  4:02  Factory Reactor  
  42  4:09  Bunker  
  42  4:11  SCV x2  
  42  4:14  Marine  
  42  4:16  Refinery  
  45  4:17  Refinery  
  45  4:18  SCV  
  45  4:23  Starport Reactor  
  46  4:24  SCV x2  
  46  4:30  SCV  
  49  4:32  Marine  
  49  4:33  Supply Depot  
  49  4:36  SCV x2  
  49  4:37  Marine x2  
  54  4:42  SCV  
  54  4:44  Factory Tech Lab  
  55  4:48  Marine  
  55  4:49  Marine  
  55  4:50  Marine  
  55  4:51  SCV x2  
  60  4:54  SCV  
  60  4:56  Supply Depot  
  60  4:59  Engineering Bay x2  
  61  5:03  Siege Tank  
  61  5:05  SCV x2  
  64  5:09  Marine x4  
  64  5:10  Marine  
  69  5:14  Supply Depot  
  69  5:17  Medivac  
  69  5:18  Medivac  
  69  5:19  Orbital Command  
  73  5:21  Supply Depot  
  73  5:24  SCV x2  
  73  5:27  Terran Infantry Weapons Level 1  
  75  5:29  Terran Infantry Armor Level 1  
  75  5:33  Marine x2  
  77  5:36  Marine x3  
  77  5:37  Combat Shield  
  80  5:43  Supply Depot  
  80  5:46  Siege Tank  
  83  5:54  Barracks  
  83  5:55  Barracks  
  83  6:00  SCV x2  
  83  6:01  SCV  
  83  6:04  Marine x5  
  86  6:07  Missile Turret  
  91  6:12  Supply Depot  
  91  6:13  SCV x3, Supply Depot  
  94  6:18  Medivac x2  
  94  6:25  Marine x3  
  101  6:26  Marine x2  
  101  6:29  SCV  
  101  6:30  SCV  
  101  6:32  Supply Depot  
  100  6:34  SCV  
  100  6:38  Siege Tank  
  104  6:42  Barracks Reactor x2  
  104  6:45  SCV x2  
  104  6:46  SCV  
  107  6:51  Supply Depot  
  107  6:52  Armory  
  107  6:53  Marine x3  
  107  6:54  Marine x2  
  111  6:58  SCV x3  
  115  7:01  Refinery  
  115  7:08  Factory  
  115  7:10  SCV x2, Supply Depot  
  115  7:11  SCV, Supply Depot  
  115  7:13  Marine x5  
  123  7:19  Siege Tank  
  123  7:20  Marine x4  
  123  7:21  Medivac  
  131  7:27  SCV x2  
  133  7:31  Marine x4  
  133  7:32  Medivac, SCV  
  140  7:37  Marine  
  140  7:38  Marine x3  
  140  7:39  Terran Infantry Weapons Level 2  
  140  7:42  Refinery  
  144  7:44  Supply Depot  
  144  7:47  Supply Depot  
  144  7:50  Terran Infantry Armor Level 2  
  139  7:54  Marine x5  
  139  7:55  Marine, Factory Tech Lab  
  139  7:56  Terran Vehicle Weapons Level 1  
  144  8:02  SCV x3  
  144  8:03  Marine x2  
  144  8:05  Siege Tank, Marine  
  149  8:10  Supply Depot  
  149  8:11  Supply Depot  
  149  8:12  Marine  
  149  8:32  Marauder, Marine x6  
  149  8:33  Siege Tank  
  149  8:34  Medivac x2  
  164  8:38  Siege Tank  
  167  8:42  Command Center  
  167  8:52  Marine x6  
  167  8:53  Concussive Shells  
  167  8:54  Marauder  
  175  8:56  Supply Depot  
  175  8:58  Supply Depot  
  174  9:05  Siege Tank  
  174  9:09  Command Center  
  176  9:12  Marine x4  
  176  9:15  Marine  
  181  9:17  Marine  
  181  9:18  Marauder  
  181  9:21  Barracks x3  
  182  9:31  SCV x3  
  182  9:34  Siege Tank  
  182  9:37  Siege Tank  
  191  9:39  Marauder  
  172  9:50  Marine x2  
  172  9:51  Marine x6  
  165  10:01  Marauder  
  165  10:02  Viking x2  
  165  10:03  Orbital Command  
  165  10:06  Siege Tank  
  169  10:08  Marine x2  
  169  10:09  Siege Tank  
  169  10:10  Terran Infantry Weapons Level 3  
  170  10:17  Terran Infantry Armor Level 3  
  170  10:22  Marauder  
  170  10:25  Marine x3  
  172  10:33  Viking x2  
  166  10:51  SCV x3  
  166  10:52  Barracks Tech Lab x2  
  166  10:53  Ghost Academy, Barracks Tech Lab  
  169  10:58  Marine x6  
  169  10:59  Marauder  
  169  11:01  Marine x2  
  145  11:11  Siege Tank, Planetary Fortress  
  145  11:15  SCV x2  
  145  11:16  Marine x3  
  145  11:17  SCV  
  152  11:20  Marine  
  152  11:21  Marauder, Marine  
  156  11:26  Marauder, Marine x2  
  156  11:32  Siege Tank  
  163  11:33  Liberator  
  163  11:34  Marine x2  
  168  11:44  Marauder x2, Marine x4  
  176  11:52  Siege Tank, Marine x4  
  176  11:53  Marauder  
  185  11:57  Liberator  
  185  12:04  Marauder, Siege Tank, Marine x4  
  185  12:06  Marauder  
  196  12:14  Marauder, Marine x2  
  196  12:15  Marauder  
  189  12:17  Marine x2  
  189  12:21  Marine x2  
  166  12:24  Siege Tank  
  166  12:25  Marauder  
  166  12:26  Marine x2  
  166  12:27  Marauder  
  151  12:32  Marine x2  
  151  12:35  Marauder, Marine x2  
  151  12:36  Marauder, Siege Tank  
  158  12:39  Marine  
  158  12:44  Marine x3  
  148  12:47  Marauder  
  148  12:48  Marauder  
  148  12:50  Marine  
  151  12:57  Siege Tank, Marauder  
  156  13:01  Medivac  
  158  13:09  Siege Tank, Orbital Command  
  133  13:19  Marauder x3, Marine x6  
  138  13:24  SCV  
  138  13:25  SCV  
  139  13:28  Refinery  
  139  13:29  Siege Tank, Refinery  
  139  13:31  Medivac  
  144  13:36  SCV  
  144  13:37  SCV  
  144  13:39  Marauder, Marine x6  
  144  13:41  Marauder x2  
  156  13:46  SCV  
  157  13:48  SCV  
  157  13:49  SCV  
Show
View Real Time Build Order
Export as new Build Order

Serral Zerg - Winner!

Build Orders: Hatch First 

Get SALT Encoding   

  12  0:00  Drone  
  13  0:08  Drone  
  14  0:14  Extractor, Drone  
  15  0:37  Hatchery  
  15  0:42  Extractor  
  13  0:43  Drone  
  13  0:48  Overlord  
  15  1:02  Spawning Pool  
  14  1:06  Drone  
  14  1:11  Drone  
  16  1:15  Drone  
  16  1:17  Drone  
  18  1:28  Drone  
  18  1:29  Extractor  
  18  1:39  Drone  
  19  1:49  Queen x2  
  19  1:50  Drone  
  19  1:51  Drone  
  25  2:00  Overlord  
  25  2:01  Drone  
  26  2:10  Drone  
  26  2:12  Drone  
  28  2:21  Drone  
  29  2:23  Drone  
  29  2:28  Queen x2  
  34  2:32  Drone  
  34  2:35  Overlord  
  35  2:42  Drone  
  35  2:43  Overlord  
  36  2:53  Drone  
  36  2:54  Drone  
  38  2:59  Drone x6  
  44  3:05  Lair  
  44  3:08  Drone  
  44  3:09  Drone  
  46  3:19  Roach Warren  
  45  3:22  Drone x2  
  45  3:24  Extractor  
  45  3:25  Extractor  
  45  3:28  Drone  
  45  3:29  Drone x2  
  45  3:30  Drone x2  
  45  3:31  Drone  
  51  3:34  Overlord  
  51  3:45  Hatchery  
  51  3:47  Overlord  
  50  3:59  Roach x4  
  50  4:01  Overlord  
  59  4:02  Drone  
  59  4:04  Overseer  
  59  4:10  Glial Reconstitution  
  59  4:11  Overlord  
  59  4:14  Drone x2  
  59  4:15  Drone  
  62  4:18  Drone  
  62  4:21  Overlord  
  63  4:25  Overlord  
  63  4:26  Drone  
  64  4:37  Drone x6  
  70  4:45  Drone x2  
  72  4:47  Evolution Chamber  
  72  4:49  Evolution Chamber  
  72  4:52  Drone  
  71  4:56  Queen  
  71  4:58  Overlord  
  71  4:59  Drone  
  74  5:03  Roach  
  74  5:06  Drone x6  
  82  5:13  Extractor  
  81  5:14  Zerg Ground Armor Level 1, Zerg Melee Weapons Level 1  
  81  5:15  Drone x2  
  81  5:17  Overseer  
  81  5:20  Drone x2  
  85  5:23  Metabolic Boost  
  85  5:27  Drone  
  85  5:28  Baneling Nest  
  85  5:29  Infestation Pit  
  85  5:31  Drone x2  
  87  5:37  Hatchery, Drone  
  87  5:40  Drone x2  
  87  5:42  Roach x3  
  95  5:45  Extractor  
  95  5:46  Extractor  
  95  5:47  Overlord  
  99  5:50  Roach x3  
  99  5:56  Baneling Nest, Overlord  
  98  6:00  Roach x2  
  98  6:01  Roach x2  
  98  6:03  Overlord  
  106  6:08  Hive  
  106  6:15  Roach  
  106  6:16  Roach  
  110  6:18  Roach x2  
  110  6:19  Roach  
  110  6:22  Drone x4  
  110  6:23  Drone x2  
  120  6:31  Drone  
  120  6:32  Drone x3  
  122  6:37  Drone x2  
  124  6:45  Overlord  
  124  6:47  Roach  
  124  6:48  Roach x2  
  124  6:49  Overlord  
  124  6:50  Overlord x3  
  124  6:51  Overlord  
  130  6:55  Overlord  
  130  6:57  Centrifugal Hooks  
  130  6:59  Overlord  
  130  7:07  Drone x3  
  130  7:08  Drone  
  134  7:10  Zerg Melee Weapons Level 2, Zerg Ground Armor Level 2  
  134  7:15  Roach x4  
  142  7:27  Zergling x16  
  142  7:29  Queen, Adrenal Glands  
  146  7:30  Queen  
  146  7:33  Viper x2  
  156  7:39  Overlord  
  156  7:40  Zergling x10  
  156  7:42  Zergling x6  
  156  7:43  Zergling x2  
  165  7:50  Zergling x8  
  159  7:53  Overlord  
  159  7:58  Zergling x12  
  165  8:02  Drone  
  166  8:07  Ravager x3  
  166  8:08  Baneling x12  
  166  8:12  Drone  
  168  8:15  Zergling x2  
  168  8:16  Ultralisk Cavern, Zergling x12  
  174  8:23  Zergling x14  
  173  8:27  Hatchery  
  173  8:31  Zergling x10  
  177  8:35  Baneling x4  
  177  8:40  Zergling x8  
  181  8:43  Zergling x6  
  182  8:50  Hatchery, Baneling  
  182  8:51  Baneling x7  
  182  8:52  Zergling x2  
  182  8:53  Zergling x12  
  188  8:56  Baneling x6  
  188  8:58  Zergling x2  
  189  9:04  Chitinous Plating, Zergling x16  
  195  9:16  Zergling x14  
  198  9:21  Zergling x4  
  200  9:25  Hatchery  
  200  9:31  Hatchery  
  197  9:33  Zergling x6  
  196  9:42  Zergling x20  
  190  9:45  Zergling x2  
  190  9:46  Zergling x2  
  190  9:51  Zerg Ground Armor Level 3, Zerg Melee Weapons Level 3  
  190  9:55  Ultralisk  
  192  10:00  Drone x8  
  190  10:12  Ultralisk  
  195  10:15  Zergling x10  
  198  10:23  Queen, Anabolic Synthesis  
  198  10:33  Queen  
  200  10:44  Baneling x13  
  200  10:49  Spore Crawler  
  199  10:50  Hatchery  
  199  10:51  Drone x2  
  192  10:57  Baneling  
  192  10:58  Baneling x10, Zergling x18  
  185  11:07  Ultralisk, Zergling x28  
  172  11:16  Ultralisk x2  
  178  11:24  Zergling x16  
  185  11:30  Overlord  
  185  11:35  Queen  
  185  11:37  Baneling x5  
  185  11:38  Zergling x16  
  195  11:41  Queen  
  195  11:43  Baneling x2  
  195  11:44  Baneling  
  196  11:50  Zergling x14  
  195  11:55  Baneling x4  
  195  12:00  Zergling x2  
  195  12:01  Zergling x12  
  196  12:12  Zergling x2  
  196  12:13  Zergling x14  
  188  12:19  Viper x2  
  188  12:22  Zergling x22  
  180  12:25  Ultralisk x2, Zergling x2  
  184  12:33  Hydralisk Den, Zergling x8  
  177  12:44  Ultralisk, Zergling x28  
  177  12:49  Zergling x4  
  191  12:55  Baneling x7  
  191  12:57  Zergling x12  
  195  13:02  Baneling x5  
  194  13:09  Zergling x20  
  194  13:10  Zergling x12  
  193  13:14  Zergling x10  
  189  13:21  Ultralisk, Zergling x10  
  199  13:29  Zergling x2  
  199  13:37  Baneling x10  
  198  13:50  Extractor  
  198  13:51  Extractor  
  198  13:54  Drone x5  
  198  13:55  Drone  
  192  13:57  Hatchery  
Tags
 
Add a new tag
Caveats
  • Supply blocks, unpowered buildings, or Contaminate may cause inaccurate times.
  • Supply counts are checked every 10 seconds.